 Dungeon Crawl Stone Soup version 0.21.0-3-g78d12a8 (webtiles) character file.

228939 nikopol the Executioner (level 18, -3/178 HPs)
             Began as a Minotaur Berserker on Jan 7, 2018.
             Was the Champion of Trog.
             Slain by a manticore (25 damage)
             ... on level 4 of the Shoals on Jan 8, 2018.
             The game lasted 02:34:51 (39875 turns).

nikopol the Executioner (Minotaur Berserker)       Turns: 39875, Time: 02:34:53

Health: -3/178     AC: 34    Str: 27    XL:     18   Next: 72%
Magic:  5/5        EV: 17    Int:  4    God:    Trog [******]
Gold:   3157       SH:  0    Dex: 23    Spells: 17/17 levels left

rFire    x . .     SeeInvis +   a - +5 battleaxe (antimagic)
rCold    . . .     Gourm    .   (shield currently unavailable)
rNeg     + . .     Faith    .   U - +8 chain mail "Ojaph" {Regen+ Str+3}
rPois    +         Spirit   .   D - +2 hat {SInv}
rElec    .         Reflect  .   i - +2 cloak {MR+}
rCorr    +         Harm     .   C - +2 pair of gloves
MR       +++..                  R - +2 pair of boots "Sigeunuta" {Dex+7}
Stlth    ..........             r - amulet of Paivvum {rPois rF- MR+ Regen+ Slay+3}
HPRegen  1.19/turn              M - ring of positive energy
MPRegen  0.09/turn              S - ring of resist corrosion

@: lethally poisoned (-3 -> -4), sleeping, barbed spikes, very slightly
contaminated
A: retaliatory headbutt, horns 2
}: 1/15 runes: serpentine
a: Berserk, Trog's Hand, Brothers in Arms, Burn Spellbooks, Renounce Religion


You were on level 4 of the Shoals.
You worshipped Trog.
Trog was exalted by your worship.
You were not hungry.

You visited 5 branches of the dungeon, and saw 31 of its levels.
You also visited: Volcano.

You collected 3849 gold pieces.
You spent 692 gold pieces at shops.

Inventory:

Hand Weapons
 a - a +5 antimagic battleaxe (weapon)
 l - a +5 longbow of freezing
 z - a +7 shortbow of freezing
 J - a +1 battleaxe of holy wrath
Missiles
 n - 585 arrows
Armour
 i - a +2 cloak of magic resistance (worn)
 w - a +3 chain mail of fire resistance
 C - a +2 pair of gloves (worn)
 D - a +2 hat of see invisible (worn)
 R - the +2 pair of boots "Sigeunuta" (worn) {Dex+7}
   (You found it on level 4 of the Lair of Beasts)

   It affects your dexterity (+7).
 U - the +8 chain mail "Ojaph" (worn) {Regen+ Str+3}
   (You found it on level 6 of the Lair of Beasts)

   It affects your strength (+3).
   It increases your rate of regeneration.
Jewellery
 p - an uncursed ring of protection from fire
 r - the amulet of Paivvum (around neck) {rPois rF- MR+ Regen+ Slay+3}
   (You acquired it on level 4 of the Snake Pit)

   [amulet of regeneration]

   It affects your accuracy and damage with ranged weapons and melee attacks
   (+3).
   It makes you vulnerable to fire.
   It protects you from poison.
   It affects your resistance to hostile enchantments.
   It increases your rate of regeneration.
 E - an uncursed ring of protection from cold
 L - an uncursed ring of protection from magic
 M - a ring of positive energy (left hand)
 S - a ring of resist corrosion (right hand)
Wands
 t - a wand of acid (26)
 v - a wand of flame (35)
 y - a wand of scattershot (5)
 A - a wand of digging (29)
 F - a wand of polymorph (33)
 H - a wand of disintegration (45)
 I - a wand of paralysis (30)
 W - a wand of enslavement (27)
Scrolls
 d - 8 scrolls of teleportation
 e - 5 scrolls of enchant weapon
 k - a scroll of fear
 m - 5 scrolls of enchant armour
 s - 5 scrolls of magic mapping
 G - 5 scrolls of remove curse
 N - a scroll of blinking
 O - a scroll of summoning
 P - 16 scrolls of identify
 V - 2 scrolls of silence
Potions
 b - 5 potions of haste
 f - 3 potions of resistance
 g - 10 potions of brilliance
 h - 3 potions of invisibility
 j - 7 potions of might
 o - 11 potions of curing
 u - 4 potions of heal wounds
 B - 3 potions of berserk rage
 K - 5 potions of flight
 Q - 6 potions of magic
 X - 2 potions of agility
Comestibles
 c - 49 rations


   Skills:
 + Level 20.2 Fighting
 + Level 21.0 Axes
   Level 2.0(14.4) Maces & Flails
 + Level 17.3 Bows
 + Level 15.1 Armour
 + Level 9.6 Dodging
 + Level 3.9 Stealth


You had 17 spell levels left.
You didn't know any spells.

Dungeon Overview and Level Annotations

Branches:
Dungeon (15/15)            Temple (0/1) D:7            Lair (6/6) D:8
 Shoals (4/4) Lair:4        Snake (4/4) Lair:4        Slime (0/5) Lair:5
    Orc (2/2) D:12            Elf (0/3) Orc:2        Vaults (0/5) D:14
 Depths (0/5) D:15

Altars:
Ashenzari
Cheibriados
Gozag
Hepliaklqana
Okawaru
Wu Jian

Shops:
D:6 %   D:8 (   Orc:2 =:}(}   Shoals:2 (*:*   Snake:1 =}=


Innate Abilities, Weirdness & Mutations

You reflexively headbutt those who attack you in melee.
You have a pair of horns on your head.


Message History

Found 6 sling bullets.
The barbed spikes dig painfully into your body as you move.
* * * LOW HITPOINT WARNING * * *
You feel sick.
The manticore flicks its tail.
The volley of spikes misses you.
The cyclops throws a large rock.
The large rock hits you.
* * * LOW HITPOINT WARNING * * *
The dream sheep shake their wool and sparkle.
You feel drowsy...
You fall asleep.
The faun shoots a sling bullet.
The sling bullet closely misses you.
You feel sick.
Something hits the plant!
The water nymph touches the plant!
The snapping turtle completely misses you.
The faun shoots a sling bullet.
The sling bullet hits you but does no damage.
The manticore barely misses you. The manticore closely misses you.
The manticore claws you but does no damage.
You feel sick.
The water nymph touches the plant.
Something hits the plant!
The snapping turtle barely misses you. The manticore bites you!!
You die...

....≈≈≈≈≈≈≈.
.....≈≈≈≈(.
..........##
...........# ..
...........# #..
......t....# #...
..........(##.≈≈≈
.C....Y@H...≈≈≈≈≈
.[..Yc....≈≈≈≈≈≈≈
..........≈≈≈≈≈≈≈
≈P≈P).......≈≈≈≈≈
≈PPP.##....(.≈≈≈≈
≈Pm##.........≈≈≈
≈≈≈....P......≈≈≈
≈≈≈≈.PPP......≈≈≈
:.mt.P....#≈#≈P


You could see a snapping turtle, a faun, a manticore, a cyclops, a water nymph
and 2 dream sheep.

Vanquished Creatures
  Nikola (Snake:4)
  The ghost of hairmachine the Brawler, an adept TrWr of Yredelemnul (Snake:3)
  Gastronok (Lair:1)
  A kraken (Shoals:3)
  10 nagarajas
  Ilsuiw (Shoals:4)
  Donald (Snake:3)
  An orc warlord (Orc:2)
  A stone giant (Volcano)
  An ettin (D:15)
  A merfolk javelineer (Shoals:4)
  3 merfolk impalers
  A fire dragon (Lair:6)
  A great orb of eyes (D:13)
  Fannar (Lair:2)
  7 hydras
  5 catoblepae
  A vault guard (D:14)
  9 centaur warriors
  6 satyrs
  3 anacondas
  14 naga warriors
  6 merfolk aquamancers
  A merfolk avatar (Shoals:1)
  An ogre mage (D:15)
  2 tengu warriors (D:15)
  8 two-headed ogres
  4 orc high priests
  9 death yaks
  2 deep elf knights
  10 shock serpents
  12 naga sharpshooters
  Sonja (Lair:1)
  6 skeletal warriors
  19 sea snakes
  3 salamander mystics
  A deep troll (D:15)
  A swamp dragon (Lair:6)
  5 unseen horrors
  5 naga ritualists (Snake:4)
  2 lindwurms (Lair:6)
  13 harpies
  A mana viper (shapeshifter) (D:14)
  7 mana vipers
  A cyclops (D:13)
  6 orc knights
  17 ugly things
  3 deep elf magi (D:15)
  A moth of wrath (shapeshifter) (D:13)
  2 oklob plants
  22 salamanders
  11 manticores
  16 fauns
  3 orc sorcerers (Orc:2)
  33 black mambas
  The ghost of Tovarisch the Fighter, a novice CeHu (D:5)
  Maurice (D:8)
  11 guardian serpents
  17 elephants
  6 merfolk sirens
  Joseph (D:8)
  3 water nymphs
  5 gargoyles
  7 spiny frogs
  Psyche (D:8)
  2 molten gargoyles (Volcano)
  22 naga magi
  A torpor snail (Lair:6)
  2 tengu conjurers (D:15)
  3 komodo dragons
  5 rime drakes (Lair:6)
  4 efreet
  17 merfolk
  A queen bee (D:8)
  4 trolls
  3 meliai (D:14)
  2 polar bears
  6 wind drakes
  2 hornets
  Prince Ribbit (D:7)
  A blink frog (Lair:6)
  Grinder (D:4)
  9 dream sheep
  5 snapping turtles
  4 slime creatures
  14 hippogriffs
  Sigmund (D:3)
  2 spriggans
  2 shadows
  The ghost of Squigly the Magician, an amateur DEFE (D:4)
  2 wyverns
  16 water elementals
  A wraith (D:13)
  42 yaks
  8 basilisks
  3 hungry ghosts
  3 fire elementals (Volcano)
  5 steam dragons
  7 vampire mosquitoes
  54 nagas
  Menkaure (D:6)
  2 wargs
  6 acid dragons
  2 soldier ants (D:15)
  9 water moccasins
  14 porcupines
  27 orc warriors
  3 black bears
  4 ice beasts
  3 swamp drakes (Lair:6)
  3 sky beasts
  15 ogres
  3 phantoms
  A boggart (D:14)
  An eye of draining (D:13)
  3 necrophages
  8 wolves
  5 centaurs
  25 crocodiles
  5 big kobolds
  A gnoll sergeant (D:8)
  15 bullfrogs
  A wyvern skeleton (D:13)
  7 scorpions
  17 killer bees
  3 wights (D:14)
  3 howler monkeys
  5 crimson imps
  2 bullfrog zombies
  A centaur zombie (D:9)
  2 lava snakes (Volcano)
  A quasit (D:14)
  9 hounds
  3 jellies
  23 orc wizards
  16 orc priests
  5 centaur skeletons
  Jessica (D:3)
  Ijyb (D:3)
  8 iguanas
  14 worker ants
  Terence (D:3)
  A killer bee zombie (D:9)
  A hound zombie (D:9)
  A howler monkey zombie (D:7)
  A worker ant zombie (D:10)
  Robin (D:3)
  4 gnolls
  17 adders
  4 shadow imps
  3 adder skeletons
  2 adder zombies
  4 worms
  A dart slug (D:1)
  11 leopard geckos
  86 orcs
  3 ball pythons
  2 giant cockroaches
  13 goblins
  8 hobgoblins
  13 jackals
  5 quokkas
  7 bats
  17 frilled lizards
  A jackal zombie (D:5)
  19 kobolds
  2 leopard gecko skeletons
  A leopard gecko zombie (D:6)
  A quokka skeleton (D:4)
  6 rats
  A bush (D:8)
  5 fungi
  16 plants
  3 tentacles (Shoals:3)
1153 creatures vanquished.

Vanquished Creatures (others)
  A sea snake (Shoals:2)
  13 fungi
  51 plants
  5 tentacles (Shoals:3)
  A withered plant (Shoals:3)
71 creatures vanquished.

Grand Total: 1224 creatures vanquished

Notes
Turn   | Place    | Note
-------+----------+-------------------------------------------
     0 | D:1      | nikopol the Minotaur Berserker began the quest for the Orb.
     0 | D:1      | Reached XP level 1. HP: 19/19 MP: 0/0
   294 | D:1      | Reached XP level 2. HP: 22/27 MP: 1/1
   483 | D:1      | You fall through a shaft!
   542 | D:2      | Reached skill level 4 in Axes
  1142 | D:2      | Reached XP level 3. HP: 33/33 MP: 2/2
  1804 | D:3      | Noticed Ijyb
  1809 | D:3      | Killed Ijyb
  1809 | D:3      | Reached XP level 4. HP: 37/41 MP: 3/3
  1826 | D:3      | Reached ** piety under Trog
  1839 | D:3      | Noticed Jessica
  1845 | D:3      | Killed Jessica
  1845 | D:3      | Reached skill level 5 in Axes
  1856 | D:3      | Noticed an ice beast
  1869 | D:3      | Killed an ice beast
  1869 | D:3      | Reached skill level 5 in Fighting
  1869 | D:3      | Reached XP level 5. HP: 18/48 MP: 4/4
  2422 | D:3      | Noticed Terence
  2430 | D:3      | Killed Terence
  2430 | D:3      | Reached skill level 1 in Stealth
  2430 | D:3      | Reached XP level 6. HP: 46/56 MP: 5/5
  2512 | D:3      | Reached skill level 6 in Axes
  2599 | D:3      | Found an opulent altar of Gozag.
  2600 | D:3      | Noticed Sigmund
  2707 | D:3      | Found a shattered altar of Ashenzari.
  2708 | D:3      | Found an iron altar of Okawaru.
  2751 | D:3      | Noticed Robin
  2765 | D:3      | Killed Robin
  3544 | D:4      | Reached XP level 7. HP: 46/63 MP: 6/6
  3548 | D:4      | Reached skill level 7 in Axes
  3551 | D:4      | Reached *** piety under Trog
  3661 | D:4      | Noticed Squigly's ghost (amateur DEFE)
  3704 | D:4      | Killed Squigly's ghost
  3737 | D:4      | Noticed Grinder
  3738 | D:4      | Paralysed by Grinder for 5 turns
  3760 | D:4      | Killed Grinder
  3760 | D:4      | Reached skill level 8 in Axes
  3854 | D:4      | Found a hazy altar of Hepliaklqana.
  4129 | D:3      | Killed Sigmund
  4129 | D:3      | Reached XP level 8. HP: 51/71 MP: 7/7
  4415 | D:5      | Entered Level 5 of the Dungeon
  4511 | D:5      | Reached skill level 9 in Axes
  4511 | D:5      | Reached skill level 5 in Armour
  4877 | D:5      | Noticed Tovarisch's ghost (novice CeHu)
  5440 | D:5      | Killed Tovarisch's ghost
  5440 | D:5      | Reached skill level 10 in Axes
  5440 | D:5      | Reached XP level 9. HP: 80/80 MP: 8/8
  5977 | D:6      | Found an opulent altar of Gozag.
  6141 | D:6      | Noticed Menkaure
  6153 | D:6      | Killed Menkaure
  6467 | D:6      | Reached skill level 11 in Axes
  6469 | D:6      | Reached **** piety under Trog
  6511 | D:6      | Found Vafeuqeh's Food Shop.
  6525 | D:6      | Found a glowing drain.
  6899 | D:7      | Reached skill level 5 in Dodging
  6929 | D:7      | Noticed Prince Ribbit
  7221 | D:7      | Killed Prince Ribbit
  7221 | D:7      | Reached skill level 12 in Axes
  7317 | D:7      | Found a staircase to the Ecumenical Temple.
  7641 | D:8      | Reached XP level 10. HP: 90/90 MP: 9/9
  7805 | D:8      | Found a staircase to the Lair.
  7811 | D:8      | Noticed Joseph
  8313 | D:8      | Killed Joseph
  8332 | D:8      | Reached skill level 13 in Axes
  8634 | D:8      | Noticed Maurice
  8652 | D:8      | Killed Maurice
  8687 | D:8      | Reached ***** piety under Trog
  8690 | D:8      | Found Qeomp's Weapon Emporium.
  8926 | D:8      | Found an ornate altar of the Wu Jian Council.
  8926 | D:8      | Found a snail-covered altar of Cheibriados.
  9143 | D:8      | Noticed Psyche
  9179 | D:8      | Killed Psyche
  9179 | D:8      | Reached skill level 10 in Fighting
  9517 | D:8      | Reached XP level 11. HP: 99/99 MP: 10/10
 10356 | D:10     | Entered Level 10 of the Dungeon
 11079 | D:10     | Received a gift from Trog
 11442 | D:11     | Noticed a purple ugly thing
 11450 | D:11     | Killed a purple ugly thing
 11570 | D:11     | Reached skill level 10 in Armour
 12078 | Lair:1   | Entered Level 1 of the Lair of Beasts
 12179 | Lair:1   | Noticed Gastronok
 12185 | Lair:1   | Reached skill level 1 in Bows
 12196 | Lair:1   | Killed Gastronok
 12196 | Lair:1   | Reached skill level 14 in Axes
 12379 | Lair:1   | Noticed a four-headed hydra
 12389 | Lair:1   | Killed a four-headed hydra
 12711 | Lair:1   | Noticed a death yak
 12721 | Lair:1   | Killed a death yak
 12723 | Lair:1   | Found the +4 arc blade {discharge, rElec}
 12780 | Lair:1   | Noticed Sonja
 12788 | Lair:1   | Killed Sonja
 12788 | Lair:1   | Reached XP level 12. HP: 68/110 MP: 11/11
 14353 | Lair:2   | Noticed Fannar
 14372 | Lair:2   | Killed Fannar
 14430 | Lair:2   | Reached skill level 5 in Bows
 15221 | Lair:3   | Received a gift from Trog
 15334 | Lair:3   | Noticed a six-headed hydra
 15341 | Lair:3   | Killed a six-headed hydra
 15341 | Lair:3   | Reached skill level 1 in Maces & Flails
 15869 | Lair:3   | Noticed an eight-headed hydra
 15876 | Lair:3   | Killed an eight-headed hydra
 15876 | Lair:3   | Reached skill level 15 in Axes
 16486 | Lair:4   | Found a dark tunnel.
 16495 | Volcano  | Entered a volcano
 16678 | Volcano  | Found a bloodstained altar of Trog.
 16704 | Volcano  | Noticed a stone giant
 16715 | Volcano  | Killed a stone giant
 16715 | Volcano  | Reached XP level 13. HP: 27/119 MP: 12/12
 17542 | Lair:4   | Got a pair of distressingly furry boots
 17553 | Lair:4   | Identified the +2 pair of boots "Sigeunuta" {Dex+7} (You found it on level 4 of the Lair of Beasts)
 17659 | Lair:4   | Found a staircase to the Shoals.
 17726 | Lair:4   | Found a staircase to the Snake Pit.
 18651 | Lair:5   | Found a staircase to the Slime Pits.
 18901 | Lair:5   | Received a gift from Trog
 19083 | Lair:5   | Received a gift from Trog
 19450 | Lair:6   | Entered Level 6 of the Lair of Beasts
 19980 | Lair:6   | Received a gift from Trog
 19985 | Lair:6   | Got a bloodstained battleaxe {god gift}
 19996 | Lair:6   | Identified the +4 battleaxe of the Viper {antimagic, rF+ Int+8 Dex-2} (Trog gifted it to you on level 6 of the Lair of Beasts)
 20279 | Lair:6   | Reached skill level 10 in Bows
 20359 | Lair:6   | Reached skill level 16 in Axes
 21386 | Lair:6   | Reached XP level 14. HP: 129/129 MP: 4/13
 22585 | Lair:6   | Got a crude chain mail
 22601 | Lair:6   | Identified the +8 chain mail "Ojaph" {Regen+ Str+3} (You found it on level 6 of the Lair of Beasts)
 22717 | Lair:6   | Received a gift from Trog
 22934 | Lair:6   | Reached skill level 17 in Axes
 23839 | D:11     | Found a hazy altar of Hepliaklqana.
 24093 | D:12     | Received a gift from Trog
 24733 | D:12     | Found an ornate altar of the Wu Jian Council.
 24782 | D:12     | Received a gift from Trog
 25057 | D:12     | Found a staircase to the Orcish Mines.
 25274 | Orc:1    | Entered Level 1 of the Orcish Mines
 25596 | Orc:1    | Received a gift from Trog
 25865 | Orc:2    | Entered Level 2 of the Orcish Mines
 26090 | Orc:2    | Found Jack's Gadget Shop.
 26108 | Orc:2    | Noticed an orc warlord
 26160 | Orc:2    | Killed an orc warlord
 26312 | Orc:2    | Found a staircase to the Elven Halls.
 26334 | Orc:2    | Received a gift from Trog
 26580 | Orc:2    | Reached ****** piety under Trog
 26594 | Orc:2    | Received a gift from Trog
 26908 | Orc:2    | Found Enulic's Gadget Shoppe.
 26908 | Orc:2    | Found Xineetz's Antique Weapon Boutique.
 26917 | Orc:2    | Found Cavvufal's Jewellery Shoppe.
 26917 | Orc:2    | Found Ykheran's Book Boutique.
 26957 | Orc:2    | Bought the ring of Ustrill {rPois AC+4 Int+5} for 692 gold pieces
 27228 | Orc:2    | Reached XP level 15. HP: 113/139 MP: 14/14
 27598 | D:13     | Reached skill level 18 in Axes
 27636 | D:13     | Upgraded the game from 0.21.0 to 0.21.0-3-g78d12a8
 27642 | D:13     | Reached skill level 15 in Fighting
 28107 | D:13     | Found a snail-covered altar of Cheibriados.
 28781 | D:14     | Received a gift from Trog
 28986 | D:14     | Received a gift from Trog
 29640 | D:14     | Found a gate to the Vaults.
 29798 | D:15     | Entered Level 15 of the Dungeon
 29834 | D:15     | Reached skill level 19 in Axes
 29844 | D:15     | Received a gift from Trog
 30101 | D:15     | Reached XP level 16. HP: 151/151 MP: 5/15
 30462 | D:15     | Found a staircase to the Depths.
 31003 | Snake:1  | Entered Level 1 of the Snake Pit
 31251 | Snake:1  | Found Jitafo's Jewellery Emporium.
 31251 | Snake:1  | Found Ajoengus's Gadget Shop.
 31252 | Snake:1  | Found Tuacs's Jewellery Emporium.
 31629 | Snake:2  | Received a gift from Trog
 32954 | Snake:3  | Reached skill level 20 in Axes
 33442 | Snake:3  | Noticed hairmachine's ghost (adept TrWr)
 33468 | Snake:3  | Killed hairmachine's ghost
 33565 | Snake:3  | Received a gift from Trog
 33730 | Snake:3  | Reached skill level 15 in Bows
 33905 | Snake:4  | Entered Level 4 of the Snake Pit
 33913 | Snake:3  | Received a gift from Trog
 34010 | Snake:4  | Noticed Donald
 34076 | Snake:3  | Killed Donald
 34079 | Snake:3  | Reached XP level 17. HP: 161/161 MP: 5/16
 35196 | Snake:4  | Received a gift from Trog
 35675 | Snake:4  | Noticed Nikola
 36054 | Snake:4  | Killed Nikola
 36526 | Snake:4  | Got a serpentine rune of Zot
 36671 | Snake:4  | Identified a scroll of acquirement
 36673 | Snake:4  | Got a sparkling ivory amulet
 36674 | Snake:4  | Identified the amulet of Paivvum {rPois rF- MR+ Regen+ Slay+3} (You acquired it on level 4 of the Snake Pit)
 37141 | Shoals:1 | Entered Level 1 of the Shoals
 37265 | Shoals:1 | Received a gift from Trog
 37324 | Shoals:1 | Identified the Catalogue of Lucky Flight
 37390 | Shoals:1 | Reached XP level 18. HP: 161/174 MP: 5/17
 37896 | Shoals:2 | Found Dupeacke's General Store.
 37965 | Shoals:2 | Found Omnociek's General Store.
 38211 | Shoals:2 | Reached skill level 15 in Armour
 38387 | Shoals:2 | Found Ipnunec's Weapon Boutique.
 38529 | Shoals:2 | Found Zotunkitz's Book Emporium.
 38539 | Shoals:2 | Received a gift from Trog
 38796 | Shoals:2 | Received a gift from Trog
 39403 | Shoals:3 | Reached skill level 21 in Axes
 39803 | Shoals:4 | Entered Level 4 of the Shoals
 39848 | Shoals:4 | Noticed Ilsuiw
 39866 | Shoals:4 | Killed Ilsuiw
 39875 | Shoals:4 | Slain by a manticore

Skill      XL: |  1  2  3  4  5  6  7  8  9 10 11 12 13 14 15 16 17 18 |
---------------+-------------------------------------------------------+-----
Fighting       | 4 5 6 7 8 10 11 12 13 14 16 17 18 20 | 20.2
Axes           | 4 5 6 8 10 12 13 14 15 16 17 19 20 21 | 21.0
Armour         | 3 4 6 7 9 11 12 13 14 15 | 15.1
Dodging        | 3 4 5 6 7 8 9 |  9.6
Stealth        | 1 2 3 |  3.9
Bows           | 3 7 10 12 13 15 16 17 | 17.3
Maces & Flails | 1 2 |  2.0

Action                   |  1- 3 |  4- 6 |  7- 9 | 10-12 | 13-15 | 16-18 || total
-------------------------+-------+-------+-------+-------+-------+-------++-------
Melee: Hand axe          |    60 |   114 |   286 |   445 |       |       ||   905
       Headbutt          |    12 |    21 |    70 |   181 |   225 |   152 ||   661
       War axe           |       |       |       |   256 |   126 |       ||   382
       Flail             |       |       |       |    12 |     2 |       ||    14
       Battleaxe         |       |       |       |       |   592 |   467 ||  1059
 Fire: Shortbow          |       |       |       |   139 |   567 |   876 ||  1582
       Longbow           |       |       |       |       |   250 |   204 ||   454
Invok: Berserk           |       |     3 |     9 |    12 |     6 |     6 ||    36
       Trog's Hand       |       |     1 |       |     1 |       |       ||     2
       Burn Spellbooks   |       |       |     1 |       |     3 |     5 ||     9
  Use: Scroll            |       |     3 |     1 |    17 |    13 |    11 ||    45
       Potion            |       |       |       |       |     1 |     2 ||     3
 Stab: Sleeping          |     1 |       |       |       |       |       ||     1
       Petrifying        |       |       |       |       |     1 |       ||     1
       Petrified         |       |       |       |       |     1 |       ||     1
  Eat: Chunk             |     2 |     9 |    21 |    38 |    35 |    28 ||   133
       Ration            |       |       |       |     2 |     4 |     2 ||     8
Armor: Animal skin       |     8 |    11 |       |       |       |       ||    19
       Scale mail        |       |    20 |    82 |   224 |       |       ||   326
       Chain mail        |       |       |       |       |   522 |   400 ||   922
Dodge: Dodged            |    32 |    68 |   136 |   358 |   605 |   456 ||  1655
